 Dungeon Crawl Stone Soup version 0.30-b1-2-g02819fbbbe (webtiles) character file.

Game seed: 338736849395701698

277 Alarkh the Insei (level 6, 47/47 HPs)
             Began as a Demonspawn Chaos Knight on May 21, 2023.
             Was a Plaything of Xom.
             Got out of the dungeon alive.
             The game lasted 00:03:12 (2234 turns).

Alarkh the Insei (Demonspawn Chaos Knight)          Turns: 2234, Time: 00:03:13

Health: 47/47      AC:  6    Str: 12    XL:     6   Next: 4%
Magic:  6/6        EV: 11    Int: 16    God:    Xom [.*....]
Gold:   148        SH:  0    Dex: 12    Spells: 5/5 levels left

rFire   . .          .
                       - Unarmed
rCold   . . .        (no shield)
rNeg    . . .        a - +2 leather armour
rPois   .            (no helmet)
rElec   .            (no cloak)
rCorr   .            (no gloves)
SInv    .            r - +0 pair of boots
Will    .....        g - amulet of regeneration
Stlth   +            (no ring)
HPRegen 1.07/turn    (no ring)
MPRegen 0.10/turn

%: no passive effects
@: no status effects
A: ignite blood 1, demonic magic 1, weakness stinger 2
a: Renounce Religion


You escaped.
You worshipped Xom.
You were a plaything of Xom.
You visited 1 branch of the dungeon, and saw 3 of its levels.

You collected 148 gold pieces.

Inventory:

Armour
 a - a +2 leather armour (worn)
 r - a +0 pair of boots (worn)
Magical Staves
 n - a staff of death
Jewellery
 e - a ring of fire
 g - an amulet of regeneration (around neck)
 s - a ring of ice
 y - an amulet of the acrobat
Wands
 v - a wand of acid (3)
Scrolls
 c - a scroll of enchant armour {unknown}
 d - a scroll of teleportation {unknown}
 j - 2 scrolls of amnesia
 p - a scroll of noise {unknown}
 t - a scroll of identify {unknown}
 u - a scroll of immolation {unknown}
Potions
 f - 2 potions of lignification {unknown}
 h - 2 potions of curing {unknown}
 i - a potion of magic {unknown}
 k - a potion of degeneration {unknown}
 l - a potion of heal wounds
 m - 2 potions of might {unknown}
 o - a potion of haste {unknown}
 q - a potion of brilliance {unknown}
 w - a potion of cancellation {unknown}
 x - a potion of attraction {unknown}
Miscellaneous
 b - a piece from Xom's chessboard (15/15) (quivered)


   Skills:
 - Level 3.0 Fighting
 - Level 1.7 Armour
 - Level 0.8 Dodging
 + Level 6.2 Unarmed Combat


You had 5 spell levels left.
You didn't know any spells.
Your spell library contained the following spells:

 Spells                   Type           Power      Damage    Failure   Level
 Cigotuvi's Dreadful Rot  Necr/Pois/Air  0%         N/A       43%         2
 Ignite Poison            Fire/Tmut/Pois 0%         N/A       67%         3
 Anguish                  Hex/Necr       0%         N/A       97%         4
 Dispel Undead            Necr           0%         3d6       97%         4
 Freezing Cloud           Conj/Ice/Air   0%         6-21      100%        5
 Death Channel            Necr           0%         N/A       100%        6
 Enfeeble                 Hex            0%         N/A       100%        7


Dungeon Overview and Level Annotations

Branches:
Dungeon (3/15)

Altars:
Makhleb
Qazlal
Trog


Innate Abilities, Weirdness & Mutations

Your demonic aura sometimes causes spilled blood to erupt in flames.
Spells you cast may paralyse adjacent enemies.
You have a tail ending in a sharp stinger.


Message History

Your demonic ancestry asserts itself...
A menacing aura infuses your magic.
You have reached level 6!
Your ufetubus barely misses the kobold. x2; The kobold misses your ufetubus.
Your ufetubus hits the kobold.
Your ufetubus barely misses the kobold.
Things that are here:
a +0 scythe; a +0 robe; the human corpse of Sigmund You swap places.
Your ufetubus is engulfed in blazing flames.
You kill your ufetubus!
Your ufetubus disappears in a puff of smoke!
Xom is amused.
The kobold hits itself with a +0 short sword.
The kobold is killed!
You closely miss the hobgoblin. You tail-slap the hobgoblin.
You kill the hobgoblin!
No target in view!
No target in view!
Things that are here:
a +0 short sword; a hobgoblin corpse Your ufetubus degenerates into a cloud of primal chaos!
Your ufetubus is engulfed in seething chaos.
Your ufetubus seems to speed up.
You pick up a book of Decay and begin reading...
You add the spells Dispel Undead and Death Channel to your library.
You swap places.
Your ufetubus disappears in a puff of smoke!
Things that are here:
a +0 short sword; a hobgoblin corpse
Things that are here:
a +0 scythe; a +0 robe; the human corpse of Sigmund
There is a stone staircase leading up here.
You climb upwards.
There is a stone staircase leading down here.
Unknown command.
There is an escape hatch in the ceiling here.
A mysterious force pulls you upwards. The hatch slams shut behind you.
There is a staircase leading out of the dungeon here.
Are you sure you want to leave the Dungeon?
This will make you lose the game!
You have escaped!

...........###.##.##.#
######.........##.##.#
###.#####.##.##.# #.#
#.......# ##'## ####.####
##...## #.##
##.....######..####### #
##.......#............#
####..........#.@#.......#
...'............##......≈#
####..................≈≈≈#
# ###.......#.....≈≈≈§§§≈#
#........##....§§≈§§≈≈≈#
#.###........≈≈§§§≈≈§§≈#
#.# ##..##...≈≈§§§≈≈≈≈≈#
###.####..###..≈≈§§§≈≈≈§≈#
.......#..# #..§§≈≈≈≈§≈≈§#


There were no monsters in sight!

Vanquished Creatures
  Sigmund (D:3)
  Ijyb (D:3)
  4 adders
  2 worms
  A dart slug (D:3)
  6 ball pythons
  2 bats (D:1)
  5 endoplasms
  3 giant cockroaches
  2 goblins (D:1)
  6 hobgoblins
  6 jackals
  3 frilled lizards (D:1)
  3 kobolds
  3 rats
48 creatures vanquished.

Notes
Turn   | Place    | Note
-------+----------+-------------------------------------------
     0 | D:1      | Alarkh the Demonspawn Chaos Knight began the quest for the
                  | Orb.
     0 | D:1      | Reached XP level 1. HP: 18/18 MP: 1/1
   198 | D:1      | XOM: divination: detect creatures
   206 | D:1      | Reached skill level 3 in Unarmed Combat
   273 | D:1      | Gained mutation: You have a small tail. [demonic ancestry]
   273 | D:1      | Reached XP level 2. HP: 24/24 MP: 2/2
   493 | D:1      | XOM: god gift: book of Maledictions
   719 | D:1      | XOM: god gift: 3 atropa-tipped darts
   873 | D:1      | Found a bloodstained altar of Trog.
   905 | D:2      | XOM: noise
  1001 | D:2      | XOM: smoke on damage
  1042 | D:2      | Gained mutation: Your demonic aura sometimes causes spilled
                  | blood to erupt in flames. [demonic ancestry]
  1042 | D:2      | Reached XP level 3. HP: 25/29 MP: 3/3
  1267 | D:2      | XOM: god gift: staff of death
  1337 | D:2      | Reached skill level 4 in Unarmed Combat
  1353 | D:2      | Found a faded altar of an unknown god.
  1698 | D:3      | XOM: 7-stop teleportation journey
  1706 | D:3      | Gained mutation: You have a tail ending in a sharp stinger.
                  | [demonic ancestry]
  1706 | D:3      | Reached XP level 4. HP: 34/35 MP: 4/4
  1742 | D:3      | XOM: cast spell 'Death Channel'
  1980 | D:3      | Noticed Ijyb
  1986 | D:3      | Killed Ijyb
  1987 | D:3      | Reached skill level 5 in Unarmed Combat
  1996 | D:3      | Found a burning altar of Makhleb.
  1996 | D:3      | Found a stormy altar of Qazlal.
  2160 | D:3      | Noticed Sigmund
  2160 | D:3      | XOM: confuse monster(s)
  2162 | D:3      | XOM: summons 3 friendly demons
  2167 | D:3      | Killed Sigmund
  2168 | D:3      | Reached skill level 6 in Unarmed Combat
  2168 | D:3      | Gained mutation: Spells you cast may paralyse adjacent
                  | enemies. [demonic ancestry]
  2168 | D:3      | Reached XP level 5. HP: 41/41 MP: 5/5
  2168 | D:3      | Reached XP level 6. HP: 47/47 MP: 6/6
  2234 | D:$      | Got out of the dungeon alive.

Illustrated notes

Levels and vault maps discovered:
D:1:      dpeg_arrival_lava_altar, layout_loops_corners
D:2:      layout_loops_ring, ebering_ecumenical_altar_box
D:3:      layout_loops_ring, nicolae_overflow_two_pavilions, serial_rivers,
          chequers_serial_rivers_micro_e, chequers_serial_rivers_small_3,
          chequers_serial_rivers_small_b, chequers_serial_rivers_micro_d,
          uniq_ijyb, uniq_sigmund

Skill      XL: |  1  2  3  4 |
---------------+-------------+-----
Unarmed Combat | 3 4 6 |  6.2
Fighting       | |  3.0
Armour         | |  1.7
Dodging        | |  0.8

Action                     |  1- 3 |  4- 6 || total
---------------------------+-------+-------++-------
  Melee: Unarmed           |   148 |    54 ||   202
         Tailslap          |    15 |     3 ||    18
         Punch             |     4 |     2 ||     6
    Use: Scroll            |       |     1 ||     1
   Stab: Confused          |       |     2 ||     2
 Armour: Leather armour    |    58 |    19 ||    77
  Dodge: Dodged            |    77 |    23 ||   100
